 Dungeon Crawl Stone Soup version 0.23-a0-183-gf37f6fb (webtiles) character file.

137 namelastname112 the Sneak (level 5, -8/66 HPs)
             Began as a Draconian Assassin on Sept 21, 2018.
             Killed by divine providence
             ... invoked by an orc priest
              (17 damage)
             ... on level 3 of the Dungeon.
             The game lasted 00:04:08 (1956 turns).

namelastname112 the Sneak (Draconian Assassin)      Turns: 1956, Time: 00:04:08

Health: -8/66      AC: 22    Str: 13    XL:     5   Next: 0%
Magic:  5/5        EV:  2    Int: 12    God:
Gold:   138        SH:  0    Dex: 13    Spells: 4/4 levels left

rFire    . . .     SeeInvis .   (no weapon)
rCold    . . .     Gourm    .   (no shield)
rNeg     + + +     Faith    .   (armour unavailable)
rPois    +         Spirit   .   (helmet currently unavailable)
rElec    .         Reflect  .   (cloak currently unavailable)
rCorr    .         Harm     .   (gloves currently unavailable)
MR       .....     NoTele   +   (boots currently unavailable)
Stlth    +++.......             (no amulet)
HPRegen  0.21/turn              (no ring)
MPRegen  0.09/turn              (no ring)

@: tree-form
A: unfitting armour, AC +5
a: no special abilities


You were on level 3 of the Dungeon.
You were hungry.
You were a tree.
You visited 1 branch of the dungeon, and saw 3 of its levels.

You collected 138 gold pieces.

Inventory:

Hand Weapons
 a - a +2 dagger
 b - a +0 blowgun
Missiles
 d - 20 poisoned needles
 e - 2 curare-tipped needles
Armour
 c - a +0 cloak (melded)
Wands
 p - a wand of iceblast (11)
Scrolls
 h - a scroll of fog {unknown}
 k - a scroll of magic mapping {unknown}
 l - 2 scrolls of remove curse {unknown}
 m - a scroll of amnesia {unknown}
 n - a scroll of teleportation {unknown}
 q - 2 scrolls of identify {unknown}
Potions
 g - a potion of lignification
 i - 3 potions of curing {unknown}
 j - 2 potions of mutation {unknown}
 o - a potion of ambrosia {unknown}
 r - a potion of flight {unknown}
Comestibles
 f - 5 rations


   Skills:
 + Level 2.9 Fighting
 * Level 3.2 Short Blades
 + Level 2.2 Throwing
 + Level 1.8 Dodging
 * Level 4.5 Stealth


You had 4 spell levels left.
You didn't know any spells.
Your spell library was empty.

Dungeon Overview and Level Annotations

Branches:
Dungeon (3/15)

Altars:
Nemelex Xobeh


Innate Abilities, Weirdness & Mutations

((Your plain brown scales are hard. (AC +5)))
You cannot fit into any form of body armour.
((You are cold-blooded and may be slowed by cold attacks.))


Message History

* * * LOW HITPOINT WARNING * * *
You take 1 damage, and have 8/66 hp.
You hit the orc priest.
The orc priest is severely wounded.
Wield which item (- for none, * to show all)? (? for menu, Esc to quit)
You are now empty-handed.
The orc barely misses you.
The orc priest hits you but does no damage.
Really attack barehanded?
You hit the orc priest.
The orc priest is almost dead.
The orc hits you but does no damage.
You barely miss the orc priest.
The orc priest is almost dead.
The orc priest begins to cast a cantrip, but forgets the words!
The orc hits you but does no damage.
You hit the orc priest but do no damage.
The orc priest is almost dead.
The orc priest invokes the aid of Beogh against you.
Beogh smites you!
You die...

#........#..#
#.)..#..##.###
###..........##
##...†........## ####
#..[...(.......# ...#
#.[............# ...#
#..............# ...#
#..............##o..#
#..............#♣o..#
##.............[....#
##$...........##..)#
......######.## ####
######## #.# #.. ##..
... ##


You could see an orc priest and an orc.

Vanquished Creatures
  A gnoll (D:1)
  5 adders
  An ooze (D:2)
  A worm (D:2)
  A dart slug (D:3)
  5 leopard geckos
  2 orcs (D:3)
  4 ball pythons
  6 giant cockroaches
  10 hobgoblins
  5 bats
  4 frilled lizards
  10 goblins
  8 kobolds
  5 rats
68 creatures vanquished.

Notes
Turn   | Place    | Note
-------+----------+-------------------------------------------
     0 | D:1      | namelastname112 the Draconian Assassin began the quest for
                  | the Orb.
     0 | D:1      | Reached XP level 1. HP: 17/17 MP: 1/1
   179 | D:1      | Reached skill level 1 in Dodging
   227 | D:1      | Reached XP level 2. HP: 25/25 MP: 2/2
   432 | D:1      | Reached skill level 4 in Stealth
   432 | D:1      | Reached XP level 3. HP: 7/30 MP: 3/3
  1227 | D:2      | Reached XP level 4. HP: 35/37 MP: 4/4
  1791 | D:3      | Found a sparkling altar of Nemelex Xobeh.
  1935 | D:3      | Reached XP level 5. HP: 36/44 MP: 5/5
  1956 | D:3      | Killed from afar by an orc priest

Vault maps used:
D:1:      nzn_arrival_crosshair, minivault_11
D:2:      st_stairs_1
D:3:      nemelex_altar_shiori, portal_sewer_entry_d, uniq_ijyb

Skill      XL: |  1  2  3  4 |
---------------+-------------+-----
Dodging        | 1 |  1.8
Throwing       | 2 |  2.2
Stealth        | 4 |  4.5
Short Blades   | 3 |  3.2
Fighting       | |  2.9

Action                   |  1- 3 |  4- 6 || total
-------------------------+-------+-------++-------
Melee: Dagger            |   128 |   126 ||   254
       Tailslap          |     8 |    13 ||    21
       Unarmed           |       |     3 ||     3
 Fire: Blowgun           |     6 |       ||     6
  Use: Potion            |       |     1 ||     1
 Stab: Sleeping          |    10 |     1 ||    11
       Distracted        |       |     1 ||     1
  Eat: Chunk             |     1 |     2 ||     3
Armor: Skin              |    38 |    37 ||    75
Dodge: Dodged            |    66 |    60 ||   126

Table legend:
 A = Non-vault XP
 B = Vault XP
 C = Vault XP percentage of total XP
 D = Non-vault monster count
 E = Vault monster count
 F = Vault count percentage of total count
                 A         B        C        D         E       F
            +---------+---------+-------+---------+---------+-------
      Total |     188 |       9 |   4.6 |      64 |       4 |   5.9
            +---------+---------+-------+---------+---------+-------
        D:1 |      50 |       0 |   0.0 |      22 |       0 |   0.0
        D:2 |      73 |       9 |  11.0 |      27 |       4 |  12.9
        D:3 |      65 |       0 |   0.0 |      15 |       0 |   0.0
            +---------+---------+-------+---------+---------+-------
